 Dungeon Crawl Stone Soup version 0.29.1-1-gd02db6906a (webtiles) character file.

Game seed: 11433428496266764469

11991 xian the Destroyer (level 11, -5/73 HPs)
             Began as a Demonspawn Air Elementalist on Sept 30, 2022.
             Was a Priest of Vehumet.
             Slain by a two-headed ogre
             ... wielding a +0 giant spiked club
              (25 damage)
             ... on level 10 of the Dungeon.
             The game lasted 00:32:46 (13426 turns).

xian the Destroyer (Demonspawn Air Elementalist)   Turns: 13426, Time: 00:32:47

Health: -5/73      AC: 13    Str: 13    XL:     11   Next: 56%
Magic:  30/33      EV: 13    Int: 16    God:    Vehumet [***...]
Gold:   800        SH:  4    Dex: 15    Spells: 19/28 levels left

rFire   . . .      SeeInvis +   H - +4 great sword of the Eternal Warrior {drain, +Blink rPois rN+ Str+5 Int-4}
rCold   . . .      Faith    .   (shield currently unavailable)
rNeg    + . .      Spirit   .   w - +1 robe {Will+}
rPois   +          Reflect  .   (no helmet)
rElec   .          Harm     .   y - +1 cloak
rCorr   .          Rampage  .   j - +2 pair of gloves
Will    +....                   K - +2 pair of boots {Fly}
Stlth   +++.......              O - amulet of the acrobat
HPRegen 0.22/turn               c - ring of magical power
MPRegen 0.23/turn               g - ring of see invisible

@: flying
A: slimy green scales 1, powered by pain 1, condensation shield, demonic touch 2
a: Renounce Religion, Evoke Blink


You were on level 10 of the Dungeon.
You worshipped Vehumet.
Vehumet was most pleased with you.
You visited 1 branch of the dungeon, and saw 10 of its levels.
You also visited: Sewer.

You collected 800 gold pieces.

Inventory:

Hand Weapons
 H - the +4 great sword of the Eternal Warrior (weapon) {drain, +Blink rPois rN+ Str+5 Int-4}
   (You acquired it on level 6 of the Dungeon)

   A truly terrible weapon, it drains the life of any living foe it strikes.
   Str:       It affects your strength (+5).
   Int:       It affects your intelligence (-4).
   rPois:     It protects you from poison.
   rN:        It protects you from negative energy.
   +Blink:    It lets you blink.
Missiles
 m - a throwing net
Armour
 j - a +2 pair of gloves (worn)
 w - a +1 robe of willpower (worn)
 y - a +1 cloak (worn)
 K - a +2 pair of boots of flying (worn)
Jewellery
 a - a +6 ring of strength
 c - a ring of magical power (left hand)
 g - a ring of see invisible (right hand)
 B - a ring of magical power
 O - an amulet of the acrobat (around neck)
Wands
 s - a wand of flame (31)
 G - a wand of roots (9)
 L - a wand of paralysis (2)
Scrolls
 d - a scroll of torment
 f - 2 scrolls of fog {unknown}
 h - 5 scrolls of poison {unknown}
 k - 2 scrolls of silence
 n - 4 scrolls of teleportation
 o - 2 scrolls of enchant weapon
 z - 2 scrolls of fear
 D - a scroll of amnesia
 E - a scroll of immolation
 I - 2 scrolls of vulnerability
 N - a scroll of enchant armour
Potions
 b - 3 potions of magic
 e - 6 potions of flight
 i - 2 potions of resistance {unknown}
 p - a potion of mutation {unknown}
 r - a potion of haste {unknown}
 t - 4 potions of attraction {unknown}
 u - 4 potions of might
 v - 3 potions of curing
 x - a potion of degeneration {unknown}
 A - 2 potions of brilliance
 C - 2 potions of heal wounds
 J - a potion of lignification
 M - 3 potions of cancellation {unknown}


   Skills:
 + Level 2.4 Fighting
 + Level 2.6(3.5) Short Blades
 + Level 3.4(3.9) Long Blades
 + Level 3.6 Dodging
 + Level 3.8 Stealth
 + Level 1.7 Shields
 + Level 9.4 Spellcasting
 + Level 9.6 Conjurations
 + Level 9.3 Air Magic


You had 19 spell levels left.
You knew the following spells:

 Your Spells              Type           Power      Damage    Failure   Level
a - Shock                 Conj/Air       100%       1d9       1%          1
b - Static Discharge      Conj/Air       37%        3-8/arc   1%          2
c - Swiftness             Air            37%        N/A       1%          3
d - Mephitic Cloud        Conj/Pois/Air  27%        N/A       1%          3

Your spell library contained the following spells:

 Spells                   Type           Power      Damage    Failure   Level
 Fulminant Prism          Conj/Hex       11%        3d9       3%          4
 Magic Dart               Conj           100%       1d8       1%          1
 Poisonous Vapours        Pois/Air       44%        N/A       1%          2
 Conjure Flame            Conj/Fire      23%        6-21      1%          3
 Stone Arrow              Conj/Erth      46%        3d9       1%          3
 Airstrike                Air            18%        2d(3-19)  1%          4
 Sticky Flame             Conj/Fire      23%        2d4       3%          4
 Ignite Poison            Fire/Tmut/Pois 7%         N/A       8%          3
 Call Imp                 Summ           7%         N/A       14%         2
 Corpse Rot               Necr/Pois/Air  17%        N/A       26%         4
 Ozocubu's Armour         Ice            7%         N/A       28%         3
 Summon Guardian Golem    Hex/Summ       7%         N/A       28%         3
 Orb of Destruction       Conj           19%        9d8       36%         7
 Iron Shot                Conj/Erth      11%        9d3       45%         6
 Animate Armour           Summ/Erth      14%        N/A       67%         4
 Spellforged Servitor     Conj/Summ      11%        N/A       93%         7
 Alistair's Intoxication  Tmut/Pois      4%         N/A       95%         5
 Blade Hands              Tmut           3%         N/A       95%         5
 Borgnjor's Vile Clutch   Necr/Erth      3%         N/A       95%         5
 Eringya's Noxious Bog    Tmut/Pois      3%         N/A       96%         6
 Ozocubu's Refrigeration  Ice            3%         4d8       100%        7
 Lehudib's Crystal Spear  Conj/Erth      11%        10d4      100%        8


Dungeon Overview and Level Annotations

Branches:
Dungeon (10/15)            Temple (0/1) D:6            Lair (0/5) D:8
    Orc (0/2) D:9           Sewer (visited)

Altars:
Dithmenos
Fedhas
Gozag
Kikubaaqudgha
Makhleb
Okawaru
Qazlal
Ru
Sif Muna
Trog
Uskayaw
Vehumet
Xom
Yredelemnul


Innate Abilities, Weirdness & Mutations

You are partially covered in slimy green scales. (AC +2)
You sometimes gain a little power by taking damage.
A meltable shield of frost defends you. (SH +4)
Your touch may inflict irresistible damage on your foes.


Message History

You add the spells Blade Hands and Iron Shot to your library.
Found a scroll of teleportation.
Found an escape hatch in the floor.
A two-headed ogre comes into view.
It is wielding a +0 giant spiked club and a +0 giant club.
Found a battleaxe.
The two-headed ogre shouts in stereo!
The zap hits the two-headed ogre.
The two-headed ogre is lightly wounded.
The zap hits the two-headed ogre!
The two-headed ogre is moderately wounded.
Casting: Shock (safe; 1% risk of failure)
Confirm with . or Enter, or press ? or * to list all spells.
The two-headed ogre is struck by an arc of lightning.
The two-headed ogre is moderately wounded.
You are struck by an arc of lightning.
The two-headed ogre is struck by an arc of lightning!
The two-headed ogre is heavily wounded.
The lightning grounds out.
The two-headed ogre barely misses you.
The two-headed ogre hits you with a +0 giant club!!
You focus on the pain.
You feel your power returning.
Unknown command.
Unknown command.
Casting: Static Discharge (safe; 1% risk of failure)
Confirm with . or Enter, or press ? or * to list all spells.
The two-headed ogre is struck by an arc of lightning!
The two-headed ogre is severely wounded.
You are struck by an arc of lightning.
The lightning grounds out.
Unknown command.
Unknown command.
Casting: Static Discharge (safe; 1% risk of failure)
Confirm with . or Enter, or press ? or * to list all spells.
The two-headed ogre is struck by an arc of lightning.
The two-headed ogre is severely wounded.
You are struck by an arc of lightning.
* * * LOW HITPOINT WARNING * * *
The two-headed ogre is struck by an arc of lightning!
The two-headed ogre is almost dead.
The lightning grounds out.
The two-headed ogre hits you with a +0 giant spiked club!!
You die...

###....#.#..†.###.#
#.#....#†#.## #.#
#......#.#.# #.#
######.....#.# #.#
#...†)#.)###.# #.#
#.....#...##.# ##.#
#.....#.<....# #..#
#.....#...#..# #.##
#.....##.....# #@#
......###..#...#O#
#....># ..# #.#.#
#.....# #.#
#...#### ......# .#
#......# #######
###...?....#
#..........#
#>.........#
#..........#


You could see a two-headed ogre.

Vanquished Creatures
  Sonja (D:10)
  Pikel (D:8)
  Maurice (D:8)
  Sigmund (D:3)
  2 shadows (D:9)
  4 wyverns
  A human (D:9)
  22 yaks
  A basilisk (D:8)
  The ghost of bakla the Trooper, an amateur BaAM (D:4)
  2 steam dragons (D:8)
  A warg (D:9)
  5 water moccasins
  4 orc warriors
  A sky beast (D:6)
  7 black bears
  4 ogres
  3 centaurs
  A wolf (D:8)
  2 lemures (D:8)
  2 phantoms
  A kobold brigand (D:6)
  3 bullfrogs
  2 scorpions
  9 necrophages
  A gnoll sergeant (D:8)
  A water moccasin zombie (D:4)
  7 wights
  9 killer bees
  2 howler monkeys
  5 hounds
  Crazy Yiuf (D:3)
  A human zombie (D:4)
  A gnoll bouda (D:9)
  6 orc priests
  2 jellies (D:6)
  3 iguanas
  2 scorpion zombies (D:4)
  Jessica (D:3)
  Terence (D:3)
  9 orc wizards
  A merfolk siren (Sewer)
  A merfolk avatar (Sewer)
  10 adders
  16 gnolls
  3 river rats (Sewer)
  A shadow imp (D:7)
  An ufetubus (D:4)
  2 adder zombies (D:4)
  A worm (D:4)
  5 dart slugs
  31 orcs
  9 ball pythons
  3 bats
  8 endoplasms
  5 giant cockroaches
  5 goblins
  4 hobgoblins
  14 jackals
  10 kobolds
  9 quokkas
  9 frilled lizards
  24 rats
306 creatures vanquished.

Vanquished Creatures (others)
  2 fungi (D:8)
  20 plants (D:8)
22 creatures vanquished.

Grand Total: 328 creatures vanquished

Notes
Turn   | Place    | Note
-------+----------+-------------------------------------------
     0 | D:1      | xian the Demonspawn Air Elementalist began the quest for
                  | the Orb.
     0 | D:1      | Reached XP level 1. HP: 13/13 MP: 3/3
   389 | D:1      | Gained mutation: You are partially covered in slimy green
                  | scales. (AC +2) [demonic ancestry]
   389 | D:1      | Reached XP level 2. HP: 18/19 MP: 5/5
   392 | D:1      | Learned a level 2 spell: Static Discharge
   489 | D:1      | Found a faded altar of an unknown god.
   902 | D:1      | Gained mutation: You sometimes gain a little power by
                  | taking damage. [demonic ancestry]
   902 | D:1      | Reached XP level 3. HP: 24/24 MP: 6/6
   931 | D:1      | Learned a level 3 spell: Swiftness
  1171 | D:1      | Found a blossoming altar of Fedhas.
  2114 | D:2      | Reached XP level 4. HP: 30/30 MP: 8/8
  2409 | D:3      | Noticed Terence
  2423 | D:3      | Killed Terence
  2631 | D:3      | Noticed Sigmund
  2649 | D:3      | Killed Sigmund
  2650 | D:3      | Gained mutation: A meltable shield of frost defends you.
                  | (SH +4) [demonic ancestry]
  2650 | D:3      | Reached XP level 5. HP: 19/35 MP: 9/9
  2856 | D:3      | Noticed Jessica
  2860 | D:3      | Killed Jessica
  2861 | D:3      | Reached XP level 6. HP: 41/41 MP: 10/10
  3227 | D:3      | Found a runed translucent door.
  3228 | D:3      | Noticed Crazy Yiuf
  3234 | D:3      | Killed Crazy Yiuf
  4103 | D:4      | Reached XP level 7. HP: 36/46 MP: 7/13
  4147 | D:4      | Reached skill level 5 in Air Magic
  4482 | D:4      | Found a runed translucent door.
  4487 | D:4      | Noticed bakla's ghost (amateur BaAM)
  4497 | D:4      | Killed bakla's ghost
  4758 | D:4      | Found a burning altar of Makhleb.
  4758 | D:4      | Noticed a balrug
  4762 | D:4      | Noticed a hellwing
  4762 | D:4      | Noticed an orange demon
  5063 | D:4      | Reached skill level 5 in Spellcasting
  5063 | D:4      | Reached skill level 5 in Conjurations
  5063 | D:4      | Gained mutation: Your touch may inflict minor irresistible
                  | damage on your foes. [demonic ancestry]
  5063 | D:4      | Reached XP level 8. HP: 43/52 MP: 13/15
  5350 | D:4      | Found a basalt altar of Yredelemnul.
  5594 | D:4      | Reached skill level 1 in Short Blades
  6082 | D:5      | Entered Level 5 of the Dungeon
  6155 | D:5      | Found an opulent altar of Gozag.
  6478 | D:5      | Reached skill level 1 in Shields
  6780 | D:5      | Reached XP level 9. HP: 51/58 MP: 17/17
  7248 | D:5      | Found a radiant altar of Vehumet.
  7294 | D:5      | Became a worshipper of Vehumet
  7540 | D:6      | Identified a scroll of acquirement
  7541 | D:6      | Acquired the +4 great sword of the Eternal Warrior {drain,
                  | +Blink rPois rN+ Str+5 Int-4}
  7608 | D:6      | HP: 2/58 [orc priest/divine providence (8)]
  7770 | D:6      | Found a staircase to the Ecumenical Temple.
  7850 | D:6      | Found a glowing drain.
  7856 | Sewer    | Entered a sewer
  8156 | Sewer    | Reached * piety under Vehumet
  8156 | Sewer    | Offered knowledge of Sandblast by Vehumet.
  8681 | D:6      | Learned a level 3 spell: Mephitic Cloud
  8816 | D:6      | Offered knowledge of Scorch by Vehumet.
  9283 | D:6      | Reached XP level 10. HP: 64/64 MP: 20/20
  9484 | D:7      | Found a bloodstained altar of Trog.
  9527 | D:7      | Reached ** piety under Vehumet
  9597 | D:7      | Found an ancient bone altar of Kikubaaqudgha.
  9681 | D:7      | Reached skill level 1 in Long Blades
  9700 | D:7      | Found a stormy altar of Qazlal.
  9848 | D:7      | Found a hide-covered altar of Uskayaw.
 10274 | D:8      | Noticed Maurice
 10285 | D:8      | Killed Maurice
 10640 | D:8      | Found a shadowy altar of Dithmenos.
 10719 | D:8      | Found a shimmering blue altar of Sif Muna.
 10722 | D:8      | Found a shimmering altar of Xom.
 10722 | D:8      | Found a sacrificial altar of Ru.
 10735 | D:8      | Reached skill level 1 in Fighting
 10735 | D:8      | Found an iron altar of Okawaru.
 10929 | D:8      | Noticed Pikel
 10936 | D:8      | Killed Pikel
 11261 | D:8      | Found a staircase to the Lair.
 11640 | D:9      | Gained mutation: Your touch may inflict irresistible damage
                  | on your foes. [demonic ancestry]
 11640 | D:9      | Reached XP level 11. HP: 54/72 MP: 19/23
 11652 | D:9      | Offered knowledge of Dazzling Flash by Vehumet.
 12340 | D:9      | Found a staircase to the Orcish Mines.
 12403 | D:9      | Reached *** piety under Vehumet
 13184 | D:10     | Entered Level 10 of the Dungeon
 13239 | D:10     | Noticed Sonja
 13249 | D:10     | Killed Sonja
 13255 | D:10     | Offered knowledge of Fulminant Prism by Vehumet.
 13415 | D:10     | Noticed a two-headed ogre
 13426 | D:10     | Slain by a two-headed ogre

Illustrated notes

Levels and vault maps discovered:
D:1:      dpeg_arrival_water_altar, layout_basic,
          dreamdust_ecumenical_altar_grove, minmay_cupped
D:2:      layout_loops_corners, minmay_octomino_c4
D:3:      layout_basic, uniq_jessica, uniq_terence, uniq_crazy_yiuf_cottage,
          uniq_sigmund
D:4:      layout_basic, makhleb_altar_promises_db,
          lemuel_mausoleum_altar_yredelemnul, hellmonk_ghost_happy_afterlife,
          st_stairs_9, grunt_ministairs_15, minmay_starry_boxes
D:5:      layout_cave_pods, general_overflow_altar,
          mainiacjoe_overflow_concentric_impassable,
          chequers_serial_rivers_large_b, st_stairs_8
D:6:      layout_loops_ring, minmay_temple_entry_steel_oval,
          gup_sewer_entry_pipe
D:7:      layout_basic, mainiacjoe_overflow_alcove_4,
          nicolae_qazlal_scattered_showers, lemuel_crystal_altar,
          nicolae_kikubaaqudgha_miasma_corner, minmay_fractal_squares_gapless_5
D:8:      layout_loops_ring, kennysheep_mini_moat,
          nicolae_overflow_hallway_of_the_gods, minmay_lair_entry_grove,
          uniq_maurice, uniq_pikel
D:9:      layout_loops_ring, erik_orc_4, hangedman_decor_peaks_small,
          minmay_misc_feat_tiny
D:10:     layout_rooms, enter_bailey_2, serial_bayou_pond_a,
          nicolae_concentric_dashed_squares_mild, uniq_sonja

Skill      XL: |  1  2  3  4  5  6  7  8  9 10 11 |
---------------+----------------------------------+-----
Air Magic      | 3 4 5 6 7 8 9 |  9.3
Dodging        | 2 3 |  3.6
Stealth        | 2 3 |  3.8
Conjurations   | 2 3 5 6 8 9 |  9.6
Spellcasting   | 3 4 5 7 8 9 |  9.4
Short Blades   | 2 |  2.6
Shields        | 1 |  1.7
Long Blades    | 2 3 |  3.4
Fighting       | 2 |  2.4

Action                   |  1- 3 |  4- 6 |  7- 9 | 10-12 || total
-------------------------+-------+-------+-------+-------++-------
Melee: Dagger            |       |       |     5 |       ||     5
       Short sword       |       |       |    52 |       ||    52
       Touch             |       |       |    14 |       ||    14
       Great sword       |       |       |    19 |    36 ||    55
 Cast: Shock             |    89 |    73 |   234 |   169 ||   565
       Static Discharge  |     3 |    14 |    70 |    95 ||   182
  Use: Scroll            |       |       |    13 |     5 ||    18
       Potion            |       |       |     3 |     1 ||     4
 Stab: Sleeping          |       |       |     6 |     1 ||     7
       Distracted        |       |       |       |     1 ||     1
Armor: Robe              |     1 |     3 |    29 |    56 ||    89
Dodge: Dodged            |     5 |    15 |    62 |    84 ||   166
Block: Other             |       |     1 |    20 |    28 ||    49
